 Dungeon Crawl Stone Soup version 0.29-a0-824-gd827844252 (webtiles) character file.

Game seed: 5844173877606871043

187 Malachi the Magician (level 5, -1/57 HPs)
             Began as a Djinni Ice Elementalist on July 9, 2022.
             Slain by a gnoll
             ... wielding a +1 halberd of distortion
              (6 damage)
             ... on level 4 of the Dungeon.
             The game lasted 00:03:55 (4021 turns).

Malachi the Magician (Djinni Ice Elementalist)      Turns: 4021, Time: 00:03:56

Health: -1/57      AC: 22    Str:  7    XL:     5   Next: 99%
Gold:   180        EV:  2    Int: 18    God:
                   SH:  0    Dex: 14

rFire   . . .      SeeInvis .   (no weapon)
rCold   . . .      Faith    .   (no shield)
rNeg    . . .      Spirit   .   (body armour currently unavailable)
rPois   ∞          Reflect  .   (helmet currently unavailable)
rElec   .          Harm     .   (cloak currently unavailable)
rCorr   .          Rampage  .   (gloves currently unavailable)
Will    .....      NoTele   +   (boots unavailable)
Stlth   ++........              (no amulet)
HPRegen 0.19/turn               (no ring)
MPRegen 0.00/turn               (no ring)

@: tree-form
A: stationary, stasis, torment immunity, boosted hp, sickness immunity, (fire
resistance 2), (cold vulnerability 1), float, innate caster, HP casting, extra
vitality 1
a: no special abilities


You were on level 4 of the Dungeon.
You were a tree.
You visited 1 branch of the dungeon, and saw 4 of its levels.

You collected 180 gold pieces.

Inventory:

Armour
 a - a +0 robe (melded)
Jewellery
 m - a ring of ice
Scrolls
 b - 7 scrolls of identify {unknown}
 d - a scroll of immolation {unknown}
 f - 2 scrolls of enchant weapon {unknown}
 i - 2 scrolls of enchant armour {unknown}
 j - a scroll of teleportation {unknown}
 k - a scroll of noise {unknown}
 p - a scroll of fog {unknown}
 q - a scroll of fear {unknown}
Potions
 e - 3 potions of flight {unknown}
 g - 2 potions of heal wounds {unknown}
 h - 2 potions of attraction {unknown}
 l - 2 potions of berserk rage {unknown}
 n - a potion of haste {unknown}
 o - a potion of resistance


   Skills:
 * Level 1.7 Fighting
 - Level 2.2 Dodging
 - Level 1.5 Stealth
 * Level 5.0 Spellcasting


You couldn't memorise any spells.
You knew the following spells:

 Your Spells              Type           Power      Damage    Failure   Level
a - Freeze                Ice            88%        1d10      1%          1
b - Frozen Ramparts       Ice            44%        1d6       4%          3
c - Ozocubu's Armour      Ice            22%        N/A       4%          3
d - Hailstorm             Conj/Ice       22%        3d7       17%         4
e - Slow                  Hex            88%        N/A       1%          1
f - Wereblood             Tmut           22%        N/A       2%          2
Your spell library was empty.

Dungeon Overview and Level Annotations

Branches:
Dungeon (4/15)
 Temple: D:4-7

Altars:
Gozag

Shops:
D:1 =


Innate Abilities, Weirdness & Mutations

You are a tree.
Your roots penetrate the ground, keeping you stationary.
You cannot be teleported.
You are immune to unholy pain and torment.
Your maximum health is greatly increased.
Your equipment is partially melded.
You are immune to sickness and miasma.
You are immune to poison.
((Your flesh is very heat resistant. (rF++)))
((You are vulnerable to cold. (rC-)))
You float through the air rather than walking.
You learn spells naturally, not from books.
Your magical power is your life essence.
You have superior vitality. (+4 MHP)


Message History

Casting: Frozen Ramparts (dangerous; 5% risk of failure)
Press: ? - help, Dir - look around, f - activate
Okay, then.
The gnoll attacks as you move away! The gnoll hits you with a +0 club.
The gnoll completely misses you.
The gnoll hits you from afar with a +1 halberd of distortion!
Casting: Frozen Ramparts (dangerous; 5% risk of failure)
Confirm with . or Enter, or press ? or * to list all spells.
Casting: Frozen Ramparts (dangerous; 5% risk of failure)
Press: ? - help, Dir - look around, f - activate The walls around you are covered in ice.
The gnoll hits you from afar with a +1 halberd of distortion.
* * * LOW HITPOINT WARNING * * *
The wall freezes the gnoll.
The gnoll barely misses you.
The wall freezes the gnoll!
The gnoll barely misses you.
The wall freezes the gnoll!
You kill the gnoll!
The gnoll barely misses you.
The wall freezes the gnoll.
The gnoll hits you from afar with a +0 spear.
* * * LOW HITPOINT WARNING * * *
Your Spellcasting skill increases to level 5!
Unknown command.
The wall freezes the gnoll.
The gnoll closely misses you. The gnoll barely misses you.
Unknown command.
Your frozen ramparts will break if you move.
Continue?
Okay, then.
The wall freezes the gnoll.
You kill the gnoll!
The gnoll completely misses you.
Your frozen ramparts will break if you move.
Continue?
The frozen ramparts melt away as you move.
It was a potion of lignification.
You turn into a tree.
Your +0 robe melds into your body.
Your roots penetrate the ground.
The gnoll hits you but does no damage. The gnoll completely misses you.
The gnoll hits you from afar with a +1 halberd of distortion.
* * * LOW HITPOINT WARNING * * *
Space warps horribly around you.
You die...

........#
#.......#
##.......#
#........#
#........#
#........#
#)<......#
#####)....?..#
#..♣.g.....###
#..........#
#......$...#
#..........#
#..........#
#".........#
#..........#
#..........#


You could see a gnoll.

Vanquished Creatures
  Natasha (thrice) (D:2)
  5 gnolls
  2 worms
  2 dart slugs (D:1)
  An orc (D:3)
  4 endoplasms
  6 giant cockroaches
  2 goblins (D:1)
  3 hobgoblins
  3 jackals (D:2)
  4 quokkas
  3 ball pythons (D:2)
  5 bats
  4 frilled lizards
  5 kobolds
  3 rats (D:1)
55 creatures vanquished.

Notes
Turn   | Place    | Note
-------+----------+-------------------------------------------
     0 | D:1      | Malachi the Djinni Ice Elementalist began the quest for the
                  | Orb.
     0 | D:1      | Malachi set off with the following spells memorised:
                  | Freeze, Frozen Ramparts, Ozocubu's Armour, Hailstorm.
     0 | D:1      | Reached XP level 1. HP: 15/15 MP: 0/0
   239 | D:1      | Reached XP level 2. HP: 13/21 MP: 0/0
   854 | D:1      | Reached XP level 3. HP: 24/26 MP: 0/0
   854 | D:1      | Learned a level 1 spell: Slow
  1100 | D:1      | Found Akhleoxe's Jewellery Shoppe.
  1612 | D:2      | Found a faded altar of an unknown god.
  1681 | D:2      | Noticed Natasha
  1689 | D:2      | Reached skill level 1 in Fighting
  1689 | D:2      | Reached skill level 4 in Spellcasting
  1692 | D:2      | Killed Natasha
  1693 | D:2      | Reached XP level 4. HP: 15/32 MP: 0/0
  2302 | D:2      | Noticed Natasha
  2309 | D:2      | Killed Natasha
  2310 | D:2      | Reached XP level 5. HP: 24/37 MP: 0/0
  2310 | D:2      | Learned a level 2 spell: Wereblood
  2350 | D:2      | Noticed Natasha
  2358 | D:2      | Killed Natasha
  3953 | D:3      | Found an opulent altar of Gozag.
  4016 | D:4      | Reached skill level 5 in Spellcasting
  4021 | D:4      | Slain by a gnoll

Illustrated notes

Levels and vault maps discovered:
D:1:      heliophobic_arrival_battle_scene, layout_basic, serial_shops, shop,
          serial_glass, glass_columns_c, glass_columns_b,
          chequers_serial_rivers_small_3, minmay_misc_feat_pillars
D:2:      layout_basic, nicolae_ecumenical_pavilion, uniq_natasha
D:3:      layout_loops_ring, mainiacjoe_overflow_big_doors
D:4:      layout_rooms, lemuel_round_altar, serial_shops,
          nicolae_inconvenience_store

Skill      XL: |  1  2  3  4  5 |
---------------+----------------+-----
Fighting       | 1 |  1.7
Spellcasting   | 4 5 |  5.0
Dodging        | |  2.2
Stealth        | |  1.5

Action                   |  1- 3 |  4- 6 || total
-------------------------+-------+-------++-------
Melee: Unarmed           |     7 |     6 ||    13
 Cast: Freeze            |    43 |    36 ||    79
       Frozen Ramparts   |     1 |     3 ||     4
  Use: Potion            |       |     1 ||     1
Armor: Robe              |     6 |     6 ||    12
       Skin              |       |     1 ||     1
Dodge: Dodged            |    34 |    42 ||    76

Table legend: (Time is in decaauts)
 A = Elapsed time spent in this place.
 B = Non-inter-level travel time spent in this place.
 C = Inter-level travel time spent in this place.
 D = Time resting spent in this place.
 E = Time spent auto-exploring this place.
 F = Levels seen in this place.
 G = Mean time per level.
                   A        B        C        D        E       F      G
               +--------+--------+--------+--------+--------+-----+--------+
         Total |   4020 |   3932 |     88 |    770 |   2783 |   4 | 1005.0 |
       Dungeon |   4020 |   3932 |     88 |    770 |   2783 |   4 | 1005.0 |
               +--------+--------+--------+--------+--------+-----+--------+

Top non-repeatable levels by time:
     D:1: 1612 daAuts
     D:2: 1344 daAuts
     D:3: 1049 daAuts
     D:4: 13 daAuts
